 Dungeon Crawl Stone Soup version 0.22.0-6-g71bd7aa (webtiles) character file.

24 zake1313 the Charmwright (level 3, 0/28 HPs)
             Began as a Merfolk Skald on Aug 15, 2018.
             Succumbed to an adder's poison
             ... on level 2 of the Dungeon.
             The game lasted 00:13:51 (3143 turns).

zake1313 the Charmwright (Merfolk Skald)            Turns: 3143, Time: 00:13:52

Health: 0/28       AC:  3    Str: 11    XL:     3   Next: 2%
Magic:  3/6        EV: 13    Int: 12    God:
Gold:   43         SH:  0    Dex: 14    Spells: 5/6 levels left

rFire    + . .     SeeInvis .   a - +0 falchion
rCold    x . .     Gourm    .   (no shield)
rNeg     . . .     Faith    .   b - +0 leather armour
rPois    .         Spirit   .   (no helmet)
rElec    .         Reflect  .   (no cloak)
rCorr    .         Harm     .   (no gloves)
MR       .....                  (no boots)
Stlth    +.........             (no amulet)
HPRegen  0.09/turn              c - ring of wizardry
MPRegen  0.10/turn              f - ring of fire

@: lethally poisoned (0 -> -9), infused
A: change form in water, swift swim, stealthy swim
a: no special abilities


You were on level 2 of the Dungeon.
You were not hungry.

You visited 1 branch of the dungeon, and saw 2 of its levels.

You collected 43 gold pieces.

Inventory:

Hand Weapons
 a - a +0 falchion (weapon)
 l - a +0 whip
 o - a +2 whip of holy wrath
Armour
 b - a +0 leather armour (worn)
 k - a cursed +0 ring mail
Jewellery
 c - a ring of wizardry (left hand)
 f - a ring of fire (right hand)
 g - a +2 ring of strength {unknown}
Scrolls
 m - a scroll of blinking {unknown}
Potions
 e - a potion of flight {unknown}
 h - a potion of brilliance {unknown}
 i - 3 potions of heal wounds {unknown}
 j - 2 potions of agility {unknown}
 n - a potion of might {unknown}
 p - a potion of haste {unknown}
Comestibles
 d - 2 rations


   Skills:
 + Level 2.4 Fighting
 + Level 2.4 Long Blades
 + Level 1.0 Armour
 + Level 3.0 Dodging
 + Level 2.1 Spellcasting
 + Level 3.7 Charms


You had 5 spell levels left.
You knew the following spells:

 Your Spells              Type           Power        Failure   Level  Hunger
a - Infusion              Chrm           ##..         3%          1    ##.....

Your spell library contained the following spells:

 Spells                   Type           Power        Failure   Level  Hunger
 Regeneration             Chrm/Necr      #.........   21%         3    ####...
 Shroud of Golubria       Chrm/Tloc      #.........   11%         2    ###....
 Song of Slaying          Chrm           ##......     4%          2    ###....
 Spectral Weapon          Hex/Chrm       #.......     21%         3    ####...


Dungeon Overview and Level Annotations

Branches:
Dungeon (2/15)

Altars:


Message History

The adder is moderately wounded.
You feel sick. The adder bites you.
You barely miss the adder.
The adder is lightly wounded.
The adder barely misses you. The adder misses you.
Casting: Infusion (safe; 3% risk of failure)
Confirm with . or Enter, or press ? or * to list all spells.
You begin infusing your attacks with magical energy.
You feel sick. The adder misses you.
You riposte.
You hit the adder.
The adder is heavily wounded.
You barely miss the adder.
The adder is heavily wounded.
The adder bites you.
* * * LOW HITPOINT WARNING * * *
You are lethally poisoned!
The adder poisons you! The adder bites you.
* * * LOW HITPOINT WARNING * * *
You hit the adder.
The adder is almost dead.
You die...

##.......###.....#.
##.....## #######.
##...## #. ##'## #.
##.## #. #...# #. #.#.#
#. ########.#†#### #.
#?...S@..#....########.
#$#...#######..........
.....#. #....#########
##.# #. #.#### # .. #
##


You could see an adder.

Vanquished Creatures
  A worm (D:2)
  2 dart slugs (D:1)
  A leopard gecko (D:1)
  4 hobgoblins
  A kobold (D:1)
  2 bats
  2 frilled lizards
  5 rats (D:1)
18 creatures vanquished.

Notes
Turn   | Place    | Note
-------+----------+-------------------------------------------
     0 | D:1      | zake1313 the Merfolk Skald began the quest for the Orb.
     0 | D:1      | Reached XP level 1. HP: 16/16 MP: 3/3
  1114 | D:1      | Reached XP level 2. HP: 20/22 MP: 5/5
  2271 | D:2      | Reached skill level 1 in Armour
  2271 | D:2      | Reached XP level 3. HP: 6/28 MP: 0/6
  3142 | D:2      | HP: 1/28 [adder (5)]
  3143 | D:2      | Succumbed to an adder's poison

Skill      XL: |  1  2  3 |
---------------+----------+-----
Armour         | 1 |  1.0
Dodging        | 3 |  3.0
Fighting       | |  2.4
Long Blades    | |  2.4
Spellcasting   | |  2.1
Charms         | |  3.7

Action                   || total
-------------------------++-------
Melee: Falchion          ||    77
 Cast: Infusion          ||     4
  Use: Scroll            ||     1
  Eat: Ration            ||     2
Armor: Leather armour    ||    22
Dodge: Dodged            ||    55
       Rpst.: Falchion   ||    17
